 Dungeon Crawl Stone Soup version 0.29.1-2-gbd0b4ee654 (webtiles) character file.

Game seed: 6531021852308811074

24095 BreadTh the Severer (level 12, -17/110 HPs)
             Began as a Minotaur Berserker on Nov 21, 2022.
             Was a High Priest of Trog.
             Demolished by a white ugly thing (31 damage)
             ... on level 14 of the Dungeon.
             The game lasted 01:00:20 (17044 turns).

BreadTh the Severer (Minotaur Berserker)           Turns: 17044, Time: 01:00:22

Health: -17/110    AC: 29    Str: 24    XL:     12   Next: 77%
Magic:  0/11       EV: 17    Int: 16    God:    Trog [*****.]
Gold:   1016       SH:  0    Dex: 23    Spells: 11/11 levels left

rFire   . . .      SeeInvis +   i - +1 broad axe
rCold   . . .      Faith    .   (no shield)
rNeg    + . .      Spirit   +   P - +8 chain mail of Ashenzari {Contam Dex+6 SInv}
rPois   .          Reflect  .   (helmet restricted)
rElec   .          Harm     .   s - +4 cloak of Jigsaw {Int+10}
rCorr   .          Rampage  .   (no gloves)
Will    .....                   y - +2 pair of boots
Stlth   ..........              e - amulet of guardian spirit
HPRegen 0.28/turn               x - +6 ring of dexterity
MPRegen 0.12/turn               o - ring of positive energy

@: on berserk cooldown, slowed, studying Dodging, very slow
A: horns 2, retaliatory headbutt
a: Renounce Religion, Berserk, Trog's Hand, Brothers in Arms


You were on level 14 of the Dungeon.
You worshipped Trog.
Trog was extremely pleased with you.
You visited 2 branches of the dungeon, and saw 15 of its levels.
You also visited: Bailey.

You collected 1016 gold pieces.

Inventory:

Hand Weapons
 i - a +1 broad axe (weapon)
 l - a +2 vorpal hand axe
 n - a +2 halberd of electrocution
 z - a +2 dagger of protection
 M - a +3 scimitar of flaming
 N - a +4 great mace of protection
Missiles
 b - a boomerang
 r - 9 javelins (quivered)
 t - 106 stones
 C - 47 poisoned darts
Armour
 f - a +1 leather armour of fire resistance
 s - the +4 cloak of Jigsaw (worn) {Int+10}
   (You found it on level 9 of the Dungeon)

   Int:       It affects your intelligence (+10).
 y - a +2 pair of boots (worn)
 I - +1 swamp dragon scales
 P - the +8 chain mail of Ashenzari (worn) {Contam Dex+6 SInv}
   (You found it on level 7 of the Dungeon)

   Dex:       It affects your dexterity (+6).
   SInv:      It lets you see invisible.
   Contam:    It causes magical contamination when unequipped.
Jewellery
 e - an amulet of guardian spirit (around neck)
 m - a ring of flight
 o - a ring of positive energy (right hand)
 x - a +6 ring of dexterity (left hand)
Wands
 d - a wand of flame (47)
 q - a wand of mindburst (17)
 F - a wand of polymorph (9)
 L - a wand of charming (5)
Scrolls
 a - a scroll of summoning {unknown}
 k - 8 scrolls of teleportation
 u - 3 scrolls of blinking
 v - a scroll of poison {unknown}
 w - a scroll of vulnerability
 G - 3 scrolls of identify
 O - a scroll of fog
Potions
 c - 9 potions of curing
 g - 3 potions of mutation
 h - 2 potions of berserk rage {unknown}
 j - 3 potions of invisibility
 p - 4 potions of cancellation
 A - a potion of lignification {unknown}
 B - 5 potions of haste
 D - 3 potions of might
 E - 6 potions of magic
 H - 6 potions of heal wounds
 J - 2 potions of attraction
 K - 2 potions of degeneration {unknown}


   Skills:
 + Level 11.3 Fighting
 * Level 15.4 Axes
 + Level 8.8 Throwing
 + Level 11.0 Armour
 + Level 12.6 Dodging


You had 11 spell levels left.
You didn't know any spells.
Your spell library was empty.

Dungeon Overview and Level Annotations

Branches:
Dungeon (14/15)            Temple (1/1) D:5            Lair (0/5) D:9
    Orc (0/2) D:12         Vaults (0/5) D:14         Bailey (visited)

Altars:
Ashenzari
Cheibriados
Dithmenos
Elyvilon
Fedhas
Gozag
Hepliaklqana
Kikubaaqudgha
Makhleb
Nemelex Xobeh
Okawaru
Qazlal
Ru
Sif Muna
Trog
Uskayaw
Vehumet
Wu Jian
Xom
Yredelemnul
Zin
The Shining One

Shops:
D:1 ?([=   D:8 [*(

Portals:
Trove: D:13 (give +3 shadow dragon scales)


Innate Abilities, Weirdness & Mutations

You have a pair of horns on your head.
You reflexively headbutt those who attack you in melee.


Message History

Your headbutt misses the white ugly thing.
The white ugly thing is lightly wounded.
You barely miss the white ugly thing. You slash the white ugly thing!
The white ugly thing gores you! The white ugly thing freezes you!!
Unknown command.
You hit the white ugly thing. You headbutt the white ugly thing!
The white ugly thing is heavily wounded.
You slash the white ugly thing! You barely miss the white ugly thing.
The white ugly thing kicks you! The white ugly thing freezes you!!
* * * LOW HITPOINT WARNING * * *
The white ugly thing claws you but does no damage.
The white ugly thing gores you but does no damage.
You are no longer berserk.
You are exhausted.
You feel yourself slow down.
Your skin stops crawling.
You feel less strong-willed.
You slash the white ugly thing! Your punch misses the white ugly thing.
The white ugly thing is heavily wounded.
The white ugly thing closely misses you.
You furiously retaliate!
You headbutt the white ugly thing. You slice the white ugly thing!!
The white ugly thing is almost dead.
The white ugly thing basks in the mutagenic energy from its kin and changes!
The white ugly thing barely misses you.
The white ugly thing basks in the mutagenic energy from its kin and changes!
You slice the white ugly thing!!
You kill the white ugly thing!
Trog accepts your kill. The white ugly thing misses you.
Your Armour skill increases to level 11!
You hit the white ugly thing.
The white ugly thing is heavily wounded.
The white ugly thing misses you.
You slash the white ugly thing!
You headbutt the white ugly thing, but do no damage.
The white ugly thing is severely wounded.
The white ugly thing claws you!
* * * LOW HITPOINT WARNING * * *
The white ugly thing freezes you!!
You die...

######## ###### #......#
###....# ### #.#
#######...##.# #...####.#
#.......##...#
#......#.###.######...###
##..uu@..# #....#
#.#...u##### #..#.#
#......# #.?..#
..........# .....#
.....##.### .#.#### .....
#.# .... .... #.# .#. #+#
..


You could see 3 ugly things.

Vanquished Creatures
  Jorgrun (D:13)
  Rupert (D:14)
  3 boulder beetles
  2 centaur warriors
  A two-headed ogre (D:11)
  8 ugly things
  A deep elf pyromancer (D:11)
  2 cyclopes (D:12)
  3 manticores (D:13)
  An elephant (D:9)
  Joseph (D:10)
  Maggie (D:7)
  An unseen horror (D:12)
  An efreet (D:13)
  A tengu conjurer (D:14)
  3 trolls
  2 vampires
  A shadow (D:11)
  2 wyverns
  A yak (shapeshifter) (D:13)
  5 humans (D:14)
  6 yaks
  2 steam dragons
  3 wraiths
  2 basilisks
  11 vampire mosquitoes
  An acid dragon (D:10)
  A sky beast (D:8)
  2 ice beasts
  2 black bears
  7 orc warriors
  4 ogres
  7 centaurs
  5 kobold brigands
  6 bullfrogs
  4 gnoll sergeants
  A necrophage (D:4)
  2 scorpions
  5 wights
  6 killer bees (D:9)
  6 howler monkeys
  9 orc priests
  3 hounds
  2 jellies
  2 iguanas
  6 orc wizards
  Natasha (D:4)
  32 gnolls
  5 adders
  A shadow imp (D:7)
  An ufetubus (D:5)
  3 dart slugs
  59 orcs
  7 endoplasms
  5 giant cockroaches
  12 goblins
  14 hobgoblins
  4 jackals (D:1)
  47 kobolds
  5 quokkas
  8 ball pythons
  8 bats
  4 frilled lizards
  8 rats
  A spectral orc (D:5)
372 creatures vanquished.

Vanquished Creatures (others)
  An unseen horror (D:13)
  A kobold (D:8)
  72 plants
74 creatures vanquished.

Grand Total: 446 creatures vanquished

Notes
Turn   | Place    | Note
-------+----------+-------------------------------------------
     0 | D:1      | BreadTh the Minotaur Berserker began the quest for the Orb.
     0 | D:1      | Reached XP level 1. HP: 19/19 MP: 0/0
   159 | D:1      | Reached XP level 2. HP: 26/27 MP: 1/1
   245 | D:1      | Found Jaocun's Weapon Shoppe.
   300 | D:1      | Reached skill level 4 in Axes
   327 | D:1      | Found Arhempo's Armour Boutique.
   368 | D:1      | Found Sata's Magic Scroll Boutique.
   460 | D:1      | Reached ** piety under Trog
   521 | D:1      | Found a faded altar of an unknown god.
   560 | D:1      | Reached XP level 3. HP: 33/33 MP: 2/2
   721 | D:1      | Found Taijus's Jewellery Shoppe.
  1420 | D:1      | Reached XP level 4. HP: 2/40 MP: 3/3
  2411 | D:2      | Reached skill level 5 in Axes
  2614 | D:2      | Reached XP level 5. HP: 28/47 MP: 4/4
  2839 | D:3      | Reached *** piety under Trog
  3085 | D:3      | Reached skill level 1 in Throwing
  3738 | D:3      | Reached XP level 6. HP: 51/55 MP: 5/5
  4033 | D:4      | Reached skill level 6 in Axes
  4104 | D:4      | Reached skill level 5 in Fighting
  4299 | D:4      | Reached **** piety under Trog
  4566 | D:4      | Noticed Natasha
  4570 | D:4      | Killed Natasha
  4571 | D:4      | Reached XP level 7. HP: 55/61 MP: 6/6
  5326 | D:5      | Entered Level 5 of the Dungeon
  5340 | D:5      | Reached skill level 7 in Axes
  5354 | D:5      | Reached skill level 5 in Armour
  5538 | D:5      | Found a staircase to the Ecumenical Temple.
  5723 | D:5      | Found a shadowy altar of Dithmenos.
  5880 | D:5      | Found a basalt altar of Yredelemnul.
  6008 | D:5      | Reached XP level 8. HP: 70/70 MP: 7/7
  6284 | Temple   | Entered the Ecumenical Temple
  6881 | D:6      | Reached skill level 8 in Axes
  6881 | D:6      | Reached skill level 5 in Dodging
  7525 | D:7      | Found a flagged portal.
  7532 | Bailey   | Entered a bailey
  8286 | D:7      | Reached skill level 9 in Axes
  8430 | D:7      | Reached XP level 9. HP: 64/78 MP: 8/8
  8528 | D:7      | Identified the +8 chain mail of Ashenzari {Contam Dex+6
                  | SInv}
  9007 | D:7      | Noticed Maggie
  9021 | D:7      | Killed Maggie
  9022 | D:7      | Reached skill level 10 in Axes
  9022 | D:7      | Reached skill level 5 in Throwing
  9121 | D:7      | Reached ***** piety under Trog
  9294 | D:7      | Found a sacrificial altar of Ru.
  9743 | D:8      | Found Goje's Antique Weapon Shoppe.
  9826 | D:9      | Reached XP level 10. HP: 57/87 MP: 9/9
 10098 | D:8      | Found Weggoam's Antique Armour Shop.
 10127 | D:8      | Found Uhiebuew's Assorted Antiques.
 10275 | D:8      | Reached skill level 11 in Axes
 11249 | D:9      | You fall into a shaft and drop 3 floors!
 11271 | D:12     | Found a radiant altar of Vehumet.
 11273 | D:12     | Found a staircase to the Orcish Mines.
 11287 | D:12     | Noticed a boulder beetle
 11730 | D:11     | Noticed a two-headed ogre
 11745 | D:11     | Killed a two-headed ogre
 11964 | D:11     | Noticed a deep elf pyromancer
 11976 | D:11     | Reached skill level 12 in Axes
 11977 | D:11     | Killed a deep elf pyromancer
 12011 | D:11     | Noticed a green ugly thing
 12025 | D:11     | Killed a green ugly thing
 12404 | D:11     | Reached XP level 11. HP: 94/97 MP: 8/10
 12593 | D:11     | Noticed a boulder beetle
 12619 | D:11     | Killed a boulder beetle
 12897 | D:11     | Noticed a boulder beetle
 12927 | D:11     | Killed a boulder beetle
 13191 | D:10     | Entered Level 10 of the Dungeon
 13824 | D:10     | Noticed Joseph
 13837 | D:10     | Killed Joseph
 13838 | D:10     | Reached skill level 13 in Axes
 13838 | D:10     | Reached skill level 10 in Dodging
 14052 | D:9      | Found an opulent altar of Gozag.
 14056 | D:9      | Found an opulent altar of Gozag.
 14056 | D:9      | Found an opulent altar of Gozag.
 14064 | D:9      | Found an opulent altar of Gozag.
 14254 | D:9      | Found a staircase to the Lair.
 14516 | D:9      | Identified the +4 cloak of Jigsaw {Int+10}
 14790 | D:12     | Reached skill level 10 in Fighting
 14945 | D:12     | Killed a boulder beetle
 15722 | D:13     | Reached skill level 10 in Armour
 15732 | D:13     | Reached skill level 14 in Axes
 15875 | D:13     | Noticed Jorgrun
 15900 | D:13     | Killed Jorgrun
 15901 | D:13     | Reached XP level 12. HP: 42/107 MP: 3/11
 15905 | D:13     | Found a portal to a secret trove of treasure.
 16243 | D:13     | Noticed a centaur warrior
 16253 | D:13     | Killed a centaur warrior
 16931 | D:14     | Found a gate to the Vaults.
 16931 | D:14     | Noticed a centaur warrior
 16931 | D:14     | Noticed Rupert
 16961 | D:14     | Killed Rupert
 16967 | D:14     | Killed a centaur warrior
 16978 | D:14     | Reached skill level 15 in Axes
 17044 | D:14     | Demolished by a white ugly thing

Illustrated notes

Levels and vault maps discovered:
D:1:      lightli_arrival_windingriver, layout_basic, serial_shops, shop, shop,
          nicolae_lakefront_shop, nicolae_shop_window_shopping,
          ebering_ecumenical_altar_box
D:2:      minmay_chambers_of_ones, layout_rooms, dk_vineyard_2, st_stairs_5,
          minmay_misc_feat_tower, reono_crystal_passage
D:3:      layout_basic, minmay_goblin_kobold_house
D:4:      cheibrodos_thug_alley, layout_loops_corners, minmay_crystal_water,
          grunt_ministairs_9, uniq_natasha
D:5:      layout_basic, mainiacjoe_overflow_alcove_2,
          yredelemnul_forgotten_temple_becter, minmay_temple_entry_sparse_star,
          minmay_misc_feat_five
D:6:      layout_loops_corners, serial_rivers, chequers_serial_rivers_room_b,
          chequers_serial_rivers_micro_c, chequers_serial_rivers_micro_b,
          chequers_serial_rivers_small_b
D:7:      kennysheep_kobold_camp, layout_rooms, lemuel_round_altar,
          enter_bailey_5, serial_bayou_pond_d, minmay_manual_mess, uniq_maggie
D:8:      layout_basic, serial_shops, nicolae_shop_crystal, shop, shop
D:9:      layout_basic, nicolae_gozag_conspicuous_consumption,
          david_lair_generic
D:10:     layout_roguey, uniq_joseph
D:11:     layout_loops_cross
D:12:     layout_irregular_city, orc_0_dummy, vehumet_crystals
D:13:     layout_rooms, nicolae_trove_entry_columns, uniq_jorgrun
D:14:     layout_loops_corners, david_vaults_3, serial_shops,
          nicolae_shop_behind_doors, nicolae_shop_behind_doors, shop,
          nicolae_integral_box, portal_ice_cave_entry_ugly_swarm, minivault_11,
          grunt_decor_clamped, hangedman_abyss_or_decor_passed,
          nicolae_sif_muna_little_library
Temple:   regret_index_temple_mists

Skill      XL: |  1  2  3  4  5  6  7  8  9 10 11 12 |
---------------+-------------------------------------+-----
Axes           | 4 5 6 7 9 10 12 14 15 | 15.4
Fighting       | 4 5 6 8 9 10 11 | 11.3
Armour         | 3 4 5 6 7 8 10 11 | 11.0
Dodging        | 3 4 5 7 9 11 12 | 12.6
Throwing       | 1 2 3 4 5 6 7 8 |  8.8

Action                   |  1- 3 |  4- 6 |  7- 9 | 10-12 || total
-------------------------+-------+-------+-------+-------++-------
Melee: Hand axe          |    86 |   214 |   363 |       ||   663
       Headbutt          |    12 |    33 |   103 |   143 ||   291
       Punch             |       |     1 |     7 |     7 ||    15
       War axe           |       |       |    33 |   136 ||   169
       Broad axe         |       |       |       |   343 ||   343
Throw: Javelin           |       |       |     3 |    16 ||    19
       Dart              |       |       |     1 |       ||     1
       Boomerang         |       |       |       |     6 ||     6
Invok: Berserk           |     1 |     3 |     5 |     5 ||    14
       Trog's Hand       |       |       |       |     1 ||     1
  Use: Scroll            |       |       |     6 |    17 ||    23
Armor: Leather armour    |    21 |    24 |       |       ||    45
       Scale mail        |       |    29 |     3 |       ||    32
       Swamp dragon scal |       |       |    53 |       ||    53
       Chain mail        |       |       |    85 |   288 ||   373
Dodge: Dodged            |    55 |    89 |   232 |   324 ||   700
